 Dungeon Sprint DCSS version 0.30-a0-585-g93115170b9 (webtiles) character file.

Game seed: 13587066672625487039

20908 mhtbhm the Peltast (level 12, -12/106 HPs)
             Began as a Merfolk Fighter on Jan 2, 2023.
             Was the Champion of Qazlal.
             Blown up by an eye of devastation (41 damage)
             ... with a bolt of energy
             ... in the Dungeon (Sprint V: "Ziggurat Sprint").
             The game lasted 00:04:47 (1223 turns).

mhtbhm the Peltast (Merfolk Fighter)                Turns: 1223, Time: 00:04:47

Health: -12/106    AC: 28    Str: 38    XL:     12   Next: 84%
Magic:  24/24      EV:  1    Int:  7    God:    Qazlal [******]
Gold:   0          SH: 41    Dex: 13    Spells: 11/11 levels left

rFire   + + +      SeeInvis .    a - +8 lance "Wyrmbane" {slay drac, rPois rF+ rC+ AC+3}
rCold   + + .      Faith    .    c - +18 shield of the Gong {rElec rN+ Will+ EV-5}
rNeg    + + .      Spirit   .    b - +5 gold dragon scales
rPois   +          Reflect  .    (no helmet)
rElec   +          Harm     .    (no cloak)
rCorr   +          Rampage  .    (no gloves)
Will    +....      NoTele   +    (no boots) Stlth
                                 v - amulet of Creativity {RegenMP rF++ rN+ rCorr Str+4}
HPRegen 0.37/turn                A - +6 ring of strength
MPRegen 0.59/turn                B - +6 ring of strength

@: protected from physical damage, studying 3 skills, repel missiles
A: (nimble swimmer 2), mertail
a: Renounce Religion, Upheaval, Elemental Force, Disaster Area


You were in the Dungeon.
You worshipped Qazlal.
Qazlal was exalted by your worship.
You visited 1 branch

Inventory:

Hand Weapons
 a - the +8 lance "Wyrmbane" (weapon) {slay drac, rPois rF+ rC+ AC+3}
   (You found it in the Dungeon)

   It inflicts extra damage against dragons and draconians.
   AC:        It affects your AC (+3).
   rF:        It protects you from fire.
   rC:        It protects you from cold.
   rPois:     It protects you from poison.
Armour
 b - +5 gold dragon scales (worn)
 c - the +18 shield of the Gong (worn) {rElec rN+ Will+ EV-5}
   (You found it in the Dungeon)

   It is deafeningly noisy when blocking attacks.
   EV:        It affects your evasion (-5).
   rElec:     It insulates you from electricity.
   rN:        It protects you from negative energy.
   Will:      It increases your willpower.
Jewellery
 v - the amulet of Creativity (around neck) {RegenMP rF++ rN+ rCorr Str+4}
   (You found it in the Dungeon)

   [amulet of magic regeneration]

   It increases your rate of magic regeneration.
   Str:       It affects your strength (+4).
   rF:        It greatly protects you from fire.
   rN:        It protects you from negative energy.
   rCorr:     It protects you from acid and corrosion.
 x - a +4 ring of slaying
 A - a +6 ring of strength (left hand)
 B - a +6 ring of strength (right hand)
Wands
 s - a wand of mindburst (7)
 t - a wand of iceblast (7)
 u - a wand of light (7)
Scrolls
 j - 4 scrolls of blinking
 o - 4 scrolls of amnesia
 p - 9 scrolls of fog
 q - 5 scrolls of identify
 r - 2 scrolls of fear
Potions
 d - 6 potions of might
 e - 10 potions of curing
 f - 8 potions of heal wounds
 g - 6 potions of haste
 h - 7 potions of magic
 i - a potion of berserk rage
 k - 2 potions of brilliance
 l - 2 potions of invisibility
 m - 4 potions of resistance
 n - a potion of experience
Miscellaneous
 C - a lightning rod (4/4)
 D - a condenser vane
 E - a box of beasts


   Skills:
 + Level 13.9 Fighting
 + Level 17.3 Polearms
 + Level 9.7 Armour
 + Level 8.2 Stealth
 + Level 19.0 Shields
 * Level 16.0 Invocations
 + Level 2.6 Evocations


You had 11 spell levels left.
You didn't know any spells.
Your spell library contained the following spells:

 Spells                   Type           Power      Damage    Failure   Level
 Freeze                   Ice            0%         1d3       100%        1
 Slow                     Hex            0%         N/A       100%        1
 Cigotuvi's Dreadful Rot  Necr/Pois/Air  0%         N/A       100%        2
 Ensorcelled Hibernation  Hex/Ice        0%         N/A       100%        2
 Momentum Strike          Conj/Tloc      0%         3d8       100%        2
 Confusing Touch          Hex            0%         N/A       100%        3
 Dazzling Flash           Conj/Hex       0%         N/A       100%        3
 Ignite Poison            Fire/Tmut/Pois 0%         N/A       100%        3
 Spider Form              Tmut/Pois      0%         N/A       100%        3
 Swiftness                Air            0%         N/A       100%        3
 Vampiric Draining        Necr           0%         2d6       100%        3
 Anguish                  Hex/Necr       0%         N/A       100%        4
 Animate Dead             Necr           0%         N/A       100%        4
 Dispel Undead            Necr           0%         3d6       100%        4
 Fulminant Prism          Conj/Hex       0%         3d5       100%        4
 Leda's Liquefaction      Hex/Erth       0%         N/A       100%        4
 Sticky Flame             Conj/Fire      0%         2d3       100%        4
 Lee's Rapid Deconstruct  Erth           0%         3d4*      100%        5
 Silence                  Hex/Air        0%         N/A       100%        5
 Summon Mana Viper        Hex/Summ       0%         N/A       100%        5
 Death Channel            Necr           0%         N/A       100%        6
 Simulacrum               Ice/Necr       0%         N/A       100%        6
 Statue Form              Tmut/Erth      0%         N/A       100%        6
 Enfeeble                 Hex            0%         N/A       100%        7
 Borgnjor's Revivificati  Necr           0%         N/A       100%        8
 Ignition                 Fire           0%         3d3       100%        8


Dungeon Overview and Level Annotations

Branches:
Dungeon (1/1)

Altars:
Ashenzari
Cheibriados
Dithmenos
Elyvilon
Fedhas
Gozag
Hepliaklqana
Kikubaaqudgha
Makhleb
Nemelex Xobeh
Okawaru
Qazlal
Ru
Sif Muna
Trog
Uskayaw
Vehumet
Wu Jian
Xom
Yredelemnul
Zin
The Shining One
Jiyva
Lugonu

Annotations:
D 1 transporter


Innate Abilities, Weirdness & Mutations

((You are very nimble when in or above water. (Stealth+, EV+, Speed+++)))
Your lower body shifts to a powerful aquatic tail in water.


Message History

PANG!
You hit the rockslime.
The rockslime is almost dead.
The slime creature is engulfed in blazing flames.
You block the slime creature's attack.
PTOANNNG!
You hit the rockslime but do no damage.
The rockslime is almost dead.
The rockslime hits you!!
* * * LOW HITPOINT WARNING * * *
You hold your ground!
Unknown command.
You impale the rockslime!!
You kill the rockslime!
Qazlal accepts your kill.
Two slime creatures merge to form a large slime creature.
The slime creature is engulfed in blazing flames.
You block the slime creature's attack.
GONNNNG!
Your Stealth skill increases to level 8!
Your Invocations skill increases to level 16!
Unknown command.
You puncture the large slime creature!
The large slime creature is severely wounded.
The eye of devastation is engulfed in freezing vapours.
You puncture the large slime creature!
The large slime creature is almost dead.
The slime creature is engulfed in blazing flames.
You kill the slime creature!
Qazlal accepts your kill.
Your Shields skill increases to level 19!
You impale the large slime creature!!
You kill the large slime creature!
Qazlal accepts your kill.
You puncture the eye of devastation!
The eye of devastation is severely wounded.
The eye of devastation is engulfed in freezing vapours.
The eye of devastation gazes at you. The bolt of energy hits you!!!
You die...

▓..... ▓....8©8.
▓.....
▓..):[[:[:..▓.▓...
▓...)=}})[..▓...©.
▓...........▓▓▓▓▓▓
▓...........▓...8©
▓.○§........▓..=.)
▓G.°........▓...|.
▓@°▓..≈..▓ ▓...))
▓.▓▓▓J..▓▓ ▓..)..
▓.○▓≈....▓..▓...).
▓....J©.....▓...).
▓▓▓▓▓▓▓▓▓▓▓▓▓.▓...
▓....8©8....▓....©
▓.....}=.[..▓▓▓▓▓▓
▓....)......▓...8©
▓....)......▓..))"


You could see an eye of devastation.

Vanquished Creatures
  A deep elf master archer (D)
  A rockslime (D)
  2 azure jellies (D)
  A deep elf sorcerer (D)
  A stone giant (D)
  A merfolk javelineer (D)
  2 yaktaur captains (D)
  A hydra (D)
  2 centaur warriors (D)
  2 naga warriors (D)
  A deep elf knight (D)
  A deep elf archer (D)
  A deep elf zephyrmancer (D)
  A shining eye (D)
  An orc sorcerer (D)
  A cyclops (D)
  A naga mage (D)
  3 black mambas (D)
  A cane toad (D)
  3 rime drakes (D)
  A komodo dragon (D)
  4 wind drakes (D)
  3 slime creatures (D)
  10 air elementals (D)
  2 wyverns (D)
  A fire elemental (D)
  3 yaks (D)
  A golden eye (D)
  A naga (D)
  A floating eye (D)
  2 water moccasins (D)
  A swamp drake (D)
  4 centaurs (D)
  2 bullfrogs (D)
  2 crimson imps (D)
  A quasit (D)
  2 orc priests (D)
  5 jellies (D)
  An iron imp (D)
  2 iguanas (D)
  2 orc wizards (D)
  4 mummies (D)
  4 adders (D)
  A shadow imp (D)
  An ufetubus (D)
  5 orcs (D)
  A ball python (D)
  An endoplasm (D)
96 creatures vanquished.

Vanquished Creatures (others)
  A wyvern (D)
  A ball python (D)
2 creatures vanquished.

Grand Total: 98 creatures vanquished

Notes
Turn   | Place    | Note
-------+----------+-------------------------------------------
     0 | D        | mhtbhm the Merfolk Fighter began the quest for the Orb.
     0 | D        | Reached XP level 1. HP: 18/18 MP: 1/1
     2 | D        | Found a blossoming altar of Fedhas.
     2 | D        | Found the +6 Majin-Bo {vamp, MP+6 Int+6}
     2 | D        | Found the +27 heavy crossbow "Sniper" {heavy, Acc+∞ SInv}
     2 | D        | Found the +10 dark maul {heavy}
     2 | D        | Found the +15 Maxwell's patent armour {-Cast -Tele rElec
                  | Will+ rCorr}
     2 | D        | Found the +18 shield of the Gong {rElec rN+ Will+ EV-5}
     2 | D        | Found the +16 obsidian axe {drain, Mesm Drain Fly SInv}
     2 | D        | Found the +7 great mace "Firestarter" {inner flame, rF++}
     2 | D        | Found the +6 shillelagh "Devastator" {shatter}
     2 | D        | Found the +11 plutonium sword {Contam Stlth-}
     2 | D        | Found the +8 lance "Wyrmbane" {slay drac, rPois rF+ rC+
                  | AC+3}
     2 | D        | Found the +9 sword of Zonguldrok {reap}
     2 | D        | Found the +13 scythe of Curses {drain, Drain}
     2 | D        | Found the +9 sword of Power
     2 | D        | Found the +7 mace of Variability {chain chaos}
     2 | D        | Found the +11 Singing Sword {sonic wave}
     2 | D        | Found the +8 storm bow {elec, penet}
     3 | D        | Found a viscous altar of Jiyva.
     3 | D        | Found a hazy altar of Hepliaklqana.
     3 | D        | Found a transporter.
     3 | D        | Found an opulent altar of Gozag.
     3 | D        | Found an ancient bone altar of Kikubaaqudgha.
     3 | D        | Found a corrupted altar of Lugonu.
    22 | D        | Found a shimmering blue altar of Sif Muna.
    22 | D        | Found a bloodstained altar of Trog.
    22 | D        | Found a sacrificial altar of Ru.
    22 | D        | Found a stormy altar of Qazlal.
    22 | D        | Found an iron altar of Okawaru.
    23 | D        | Found a sparkling altar of Nemelex Xobeh.
    25 | D        | Found a burning altar of Makhleb.
    85 | D        | Became a worshipper of Qazlal Stormbringer
    98 | D        | Entered arena 2.
    98 | D        | Found a transporter.
   103 | D        | Reached skill level 1 in Invocations
   103 | D        | Reached XP level 2. HP: 24/25 MP: 1/3
   113 | D        | Entered arena 3.
   113 | D        | Noticed a yak
   113 | D        | Found a transporter.
   122 | D        | Killed a yak
   122 | D        | Reached * piety under Qazlal
   123 | D        | Reached skill level 6 in Shields
   123 | D        | Reached XP level 3. HP: 35/35 MP: 2/6
   123 | D        | Reached XP level 4. HP: 41/41 MP: 2/7
   123 | D        | Reached XP level 5. HP: 47/47 MP: 2/8
   125 | D        | Reached skill level 5 in Invocations
   128 | D        | Reached skill level 5 in Polearms
   174 | D        | Entered arena 4.
   174 | D        | Found a transporter.
   177 | D        | Reached ** piety under Qazlal
   183 | D        | Reached XP level 6. HP: 47/55 MP: 8/10
   194 | D        | Got the amulet of Creativity {RegenMP rF++ rN+ rCorr Str+4}
   226 | D        | Entered arena 5.
   226 | D        | Noticed a golden eye
   226 | D        | Noticed a floating eye
   226 | D        | Found a transporter.
   229 | D        | Reached *** piety under Qazlal
   230 | D        | Reached skill level 5 in Armour
   230 | D        | Reached skill level 7 in Shields
   230 | D        | Paralysed by a floating eye for 2 turns
   232 | D        | Killed a floating eye
   242 | D        | Killed a golden eye
   243 | D        | Reached skill level 8 in Shields
   243 | D        | Reached XP level 7. HP: 63/63 MP: 10/12
   266 | D        | Entered arena 6.
   266 | D        | Noticed an air elemental
   266 | D        | Noticed an air elemental
   266 | D        | Noticed an air elemental
   266 | D        | Noticed an air elemental
   266 | D        | Noticed an air elemental
   266 | D        | Found a transporter.
   267 | D        | Paralysed by an air elemental for 1 turns
   271 | D        | Killed an air elemental
   271 | D        | Reached **** piety under Qazlal
   273 | D        | Paralysed by an air elemental for 1 turns
   273 | D        | Killed an air elemental
   274 | D        | Reached skill level 9 in Shields
   275 | D        | Killed an air elemental
   276 | D        | Reached XP level 8. HP: 53/71 MP: 12/14
   279 | D        | Killed an air elemental
   281 | D        | Paralysed by an air elemental for 1 turns
   286 | D        | Killed an air elemental
   286 | D        | Reached ***** piety under Qazlal
   287 | D        | Reached skill level 10 in Shields
   391 | D        | Got the Omnibus of Spellbinding
   402 | D        | Entered arena 7.
   402 | D        | Found the +8 arc blade {discharge, rElec}
   403 | D        | Found a transporter.
   418 | D        | Reached skill level 10 in Polearms
   438 | D        | Entered arena 8.
   438 | D        | Noticed a wyvern
   438 | D        | Noticed a rime drake
   438 | D        | Noticed a rime drake
   438 | D        | Noticed a wyvern
   438 | D        | Noticed a rime drake
   439 | D        | Found a transporter.
   442 | D        | Killed a wyvern
   443 | D        | Killed a rime drake
   444 | D        | Reached XP level 9. HP: 78/78 MP: 14/16
   446 | D        | Reached skill level 11 in Shields
   450 | D        | Killed a rime drake
   450 | D        | Reached ****** piety under Qazlal
   451 | D        | Reached skill level 10 in Fighting
   451 | D        | Reached skill level 10 in Invocations
   459 | D        | Killed a rime drake
   466 | D        | Got the Textbook on the Wendigo
   480 | D        | Entered arena 9.
   480 | D        | Noticed a deep elf archer
   480 | D        | Noticed a deep elf sorcerer
   480 | D        | Noticed an orc sorcerer
   480 | D        | Noticed a deep elf knight
   480 | D        | Noticed a deep elf zephyrmancer
   482 | D        | Found a transporter.
   482 | D        | Paralysed by an air elemental for 1 turns
   485 | D        | Reached skill level 12 in Shields
   485 | D        | Killed a deep elf zephyrmancer
   485 | D        | Killed an orc sorcerer
   485 | D        | Killed a deep elf archer
   486 | D        | Reached skill level 1 in Stealth
   486 | D        | Reached skill level 13 in Shields
   486 | D        | Reached XP level 10. HP: 72/86 MP: 16/18
   488 | D        | Killed a deep elf knight
   494 | D        | Killed a deep elf sorcerer
   495 | D        | Reached skill level 14 in Shields
   556 | D        | Entered arena 10.
   556 | D        | Paralysed by an air elemental for 1 turns
   562 | D        | Paralysed by an air elemental for 1 turns
   567 | D        | Reached XP level 11. HP: 60/94 MP: 20/20
   569 | D        | Found a transporter.
   584 | D        | Got the amulet "Cecloul" {RegenMP Str+4}
   666 | D        | Entered arena 11.
   667 | D        | Found a transporter.
   723 | D        | Entered arena 12.
   723 | D        | Noticed a five-headed hydra
   728 | D        | Reached skill level 15 in Shields
   732 | D        | Reached skill level 15 in Polearms
   735 | D        | Killed a five-headed hydra
   736 | D        | Reached skill level 1 in Evocations
   749 | D        | Found a transporter.
   781 | D        | Entered arena 13.
   782 | D        | Noticed a naga warrior
   782 | D        | Noticed a naga warrior
   811 | D        | Killed a naga warrior
   812 | D        | Reached skill level 16 in Shields
   817 | D        | Killed a naga warrior
   826 | D        | Found a transporter.
   832 | D        | Got the ring "Yfazxioz" {rPois rCorr EV+5 Dex-5}
   834 | D        | Got the Volume of Captivating Haze
   974 | D        | Entered arena 14.
   974 | D        | Noticed a centaur warrior
   974 | D        | Noticed a deep elf master archer
   975 | D        | Noticed a centaur warrior
   975 | D        | Noticed a cyclops
   975 | D        | Noticed a stone giant
   976 | D        | Noticed a merfolk javelineer
   976 | D        | Noticed a yaktaur captain
   977 | D        | Noticed a yaktaur captain
   978 | D        | Found a transporter.
   985 | D        | Killed a centaur warrior
   987 | D        | Killed a cyclops
   988 | D        | Reached skill level 5 in Stealth
   991 | D        | Killed a yaktaur captain
   992 | D        | Reached skill level 17 in Shields
   992 | D        | Reached XP level 12. HP: 84/105 MP: 22/22
   994 | D        | Killed a merfolk javelineer
   996 | D        | Killed a deep elf master archer
   997 | D        | Reached skill level 15 in Invocations
  1010 | D        | Killed a yaktaur captain
  1012 | D        | Killed a stone giant
  1019 | D        | Killed a centaur warrior
  1020 | D        | Reached skill level 18 in Shields
  1022 | D        | Got Woireuci's Papyrus of Lethal Lamentation
  1169 | D        | Entered arena 15.
  1170 | D        | Noticed an azure jelly
  1170 | D        | Noticed a rockslime
  1170 | D        | Found the +5 demon whip "Spellbinder" {antimagic, Will+}
  1170 | D        | Noticed an azure jelly
  1184 | D        | Killed an azure jelly
  1205 | D        | Killed an azure jelly
  1206 | D        | Found a transporter.
  1219 | D        | Killed a rockslime
  1222 | D        | Reached skill level 19 in Shields
  1223 | D        | Blown up by an eye of devastation

Illustrated notes

Levels and vault maps discovered:
D:        sprint_v [room_start, room_1, room_2, room_3, room_4, room_5, room_6,
          room_7, room_8, room_9, room_10, room_11, room_12, room_13, room_14,
          room_15, room_16, room_17, room_18, room_19, room_20, room_21,
          room_22, room_23, room_24, room_25, room_26, room_27]

Skill      XL: |  1  2  3  4  5  6  7  8  9 10 11 12 |
---------------+-------------------------------------+-----
Fighting       | 4 6 7 8 9 10 11 13 | 13.9
Polearms       | 3 4 5 7 9 10 13 14 16 17 | 17.3
Invocations    | 1 4 5 7 8 9 11 12 14 16 | 16.0
Armour         | 4 5 6 7 8 9 |  9.7
Shields        | 6 8 9 10 13 14 17 19 | 19.0
Stealth        | 1 5 8 |  8.2
Evocations     | 2 |  2.6

Action                   |  1- 3 |  4- 6 |  7- 9 | 10-12 || total
-------------------------+-------+-------+-------+-------++-------
Melee: Lance             |    12 |    27 |    59 |   178 ||   276
Invok: Upheaval          |       |       |       |     1 ||     1
Evoke: Condenser vane    |       |       |     1 |     5 ||     6
  Use: Potion            |     1 |       |     1 |     2 ||     4
 Stab: Confused          |       |       |     1 |     8 ||     9
Armor: Gold dragon scale |     5 |     1 |    60 |    41 ||   107
Dodge: Dodged            |       |       |       |     4 ||     4
Block: Kite shield       |    15 |    13 |    83 |   217 ||   328

Table legend: (Time is in decaauts)
 A = Elapsed time spent in this place.
 B = Non-inter-level travel time spent in this place.
 C = Inter-level travel time spent in this place.
 D = Time resting spent in this place.
 E = Time spent auto-exploring this place.
 F = Levels seen in this place.
 G = Mean time per level.
                   A        B        C        D        E       F      G
               +--------+--------+--------+--------+--------+-----+--------+
         Total |   1147 |   1147 |      0 |    520 |     16 |   1 | 1147.0 |
       Dungeon |   1147 |   1147 |      0 |    520 |     16 |   1 | 1147.0 |
               +--------+--------+--------+--------+--------+-----+--------+

Top non-repeatable levels by time:
       D: 1147 daAuts
